 Dungeon Crawl Stone Soup version 0.14.2 (webtiles) character file.

6 Amnesiac the Charlatan (level 1, 0/10 HPs)
             Began as a Spriggan Artificer on Feb 10, 2018.
             Slain by a giant newt (2 damage)
             ... on Level 1 of the Dungeon.
             The game lasted 00:00:18 (44 turns).

Amnesiac the Charlatan (Spriggan Artificer)           Turns: 44, Time: 00:00:18

HP   0/10        AC  2     Str  7      XL: 1   Next: 75%
MP   2/2         EV 18     Int 13      God:
Gold 0           SH  0     Dex 16      Spells:  0 memorised,  0 levels left

rFire  . . .     SeeInvis +     a - +0 short sword
rCold  . . .     Clarity  .     e - +0 robe
rNeg   . . .     Conserve .     (shield restricted)
rPois  .         rCorr    .     (helmet restricted)
rElec  .         rRot     .     (no cloak)
SustAb . .       Spirit   .     (gloves unavailable)
rMut   .         Warding  .     (boots unavailable)
Saprov . . .     Stasis   .     (no amulet)
MR     .....                    (no ring)
                                (no ring)

@: very quick, not resistant to hostile enchantments, fairly stealthy
A: unfitting armour, see invisible, herbivore 3, speed 3, slow metabolism 2
a: no special abilities


You were on level 1 of the Dungeon.
You were not hungry.

You visited 1 branch of the dungeon, and saw 1 of its levels.

Inventory:

Hand weapons
 a - a +0,+0 short sword (weapon)
Armour
 e - a +0 robe (worn)
Magical devices
 b - a wand of flame (15)
 c - a wand of enslavement (15)
 d - a wand of random effects (15)
Potions
 f - a potion of porridge {!q}


   Skills:
 - Level 1.0 Fighting
 - Level 1.1 Short Blades
 + Level 3.3 Dodging
 - Level 1.5 Stealth
 * Level 4.3 Evocations


You couldn't memorise any spells.
You didn't know any spells.

Dungeon Overview and Level Annotations

Branches:
Dungeon (1/15)

Altars:


Innate Abilities, Weirdness & Mutations

You are tiny and cannot use many weapons and most armour.
You have supernaturally acute eyesight.
You are a herbivore.
You cover ground extremely quickly.
You need consume almost no food.


Message History

You hit the giant gecko.
You kill the giant gecko!
No target in view!
No target in view! 2 giant newts come into view.
There are monsters nearby!
There are monsters nearby! 4 giant newts come into view.
A giant newt comes into view.
The giant newt moves out of view.
The giant newt hisses menacingly.
You hit the giant newt.
The giant newt is severely wounded.
The giant newt bites you but does no damage.
You closely miss the giant newt.
The giant newt is severely wounded.
The giant newt barely misses you.
You barely miss the giant newt.
The giant newt is severely wounded.
The giant newt barely misses you.
You barely miss the giant newt.
The giant newt is severely wounded.
The giant newt barely misses you.
You closely miss the giant newt.
The giant newt is severely wounded.
The giant newt bites you.
The giant newt bites you but does no damage.
You hit the giant newt.
You kill the giant newt!
You closely miss the giant newt. The giant newt bites you.
The giant newt hisses menacingly.
You hit the giant newt but do no damage.
The giant newt bites you.
You hit the giant newt.
You kill the giant newt!
Your Fighting skill increases to level 1!
You hit the giant newt.
You kill the giant newt!
You hit the giant newt.
You kill the giant newt!
You hit the giant newt.
You kill the giant newt!
You miss the giant newt. The giant newt closely misses you.
You barely miss the giant newt. The giant newt completely misses you.
You hit the giant newt.
You kill the giant newt!
You closely miss the giant newt. The giant newt completely misses you.
You hit the giant newt.
The giant newt is moderately wounded.
The giant newt bites you.
* * * LOW HITPOINT WARNING * * *
You are too injured to fight recklessly!
You are too injured to fight recklessly!
You closely miss the giant newt.
The giant newt is moderately wounded.
The giant newt completely misses you.
You hit the giant newt.
The giant newt is severely wounded.
The giant newt misses you.
The giant newt bites you but does no damage.
You miss the giant newt.
The giant newt is severely wounded.
The giant newt bites you.
You die...

#<......'....#
#8......####.#
##......# #.#
#......# #.#
#......# #.#
##8.8### #.#
##### #.# #
#.#####.....
#..@l...≈≈≈≈
#.....####.≈≈≈≈≈
#.##### ≈≈≈ ≈


You could see a giant newt.

Vanquished Creatures
  A giant gecko (D:1)
  6 giant newts (D:1)
7 creatures vanquished.

Notes
Turn   | Place    | Note
--------------------------------------------------------------
     0 | D:1      | Amnesiac, the Spriggan Artificer, began the quest for the Orb.
     0 | D:1      | Reached XP level 1. HP: 9/9 MP: 2/2
    33 | D:1      | Reached skill level 1 in Fighting
    44 | D:1      | Slain by a giant newt

Action                   || total
-------------------------++-------
Melee: Short sword       ||    22
